 Dungeon Crawl Stone Soup version 0.26-a0-1101-g8f9f7f7418 (webtiles) character file.

Game seed: 17650926178305084441

548 Conn the Firebug (level 7, -18/36 HPs)
             Began as a Deep Elf Fire Elementalist on Dec 15, 2020.
             Demolished by a two-headed ogre
             ... wielding a +0 giant spiked club
              (29 damage)
             ... on level 6 of the Dungeon.
             The game lasted 00:11:34 (4883 turns).

Conn the Firebug (Deep Elf Fire Elementalist)       Turns: 4883, Time: 00:11:35

Health: -18/36     AC:  2    Str:  5    XL:     7   Next: 7%
Magic:  4/17       EV: 13    Int: 22    God:
Gold:   141        SH:  0    Dex: 15    Spells: 5/16 levels left

rFire    . . .     SeeInvis .   l - +0 dagger
rCold    . . .     Faith    .   (no shield)
rNeg     . . .     Spirit   .   a - +0 robe
rPois    .         Reflect  .   (no helmet)
rElec    .         Harm     .   (no cloak)
rCorr    +         Rampage  .   (no gloves)
Will     .....                  (no boots)
Stlth    ++........             (no amulet)
HPRegen  0.12/turn              h - ring of flight
MPRegen  0.15/turn              m - ring of resist corrosion

@: no status effects
A: no striking features
a: Evoke Flight


You were on level 6 of the Dungeon.
You visited 1 branch of the dungeon, and saw 6 of its levels.

You collected 141 gold pieces.

Inventory:

Hand Weapons
 l - a +0 dagger (weapon)
Missiles
 e - 43 poisoned darts (quivered)
Armour
 a - a +0 robe (worn)
 o - a cursed +0 buckler
Jewellery
 h - a ring of flight (left hand)
 m - a ring of resist corrosion (right hand)
Scrolls
 b - 2 scrolls of blinking
 d - a scroll of enchant armour {unknown}
 f - a scroll of amnesia {unknown}
 g - 2 scrolls of teleportation
 i - 2 scrolls of immolation {unknown}
 q - a scroll of fog {unknown}
 r - 3 scrolls of identify {unknown}
 s - a scroll of fear {unknown}
 t - 2 scrolls of remove curse {unknown}
 v - a scroll of magic mapping {unknown}
 x - 2 scrolls of random uselessness {unknown}
 y - a scroll of enchant weapon {unknown}
Potions
 c - a potion of cancellation {unknown}
 j - a potion of might {unknown}
 k - a potion of mutation {unknown}
 n - a potion of heal wounds {unknown}
 p - 3 potions of curing {unknown}
 u - a potion of degeneration {unknown}
 w - a potion of ambrosia {unknown}
 z - a potion of berserk rage {unknown}
 A - a potion of brilliance {unknown}


   Skills:
 + Level 0.2 Fighting
 + Level 0.2 Short Blades
 + Level 2.7 Dodging
 + Level 3.2 Stealth
 + Level 5.4 Spellcasting
 * Level 5.1 Conjurations
 * Level 5.6 Fire Magic


You had 5 spell levels left.
You knew the following spells:

 Your Spells              Type           Power        Failure   Level
a - Foxfire               Conj/Fire      ####         1%          1
b - Conjure Flame         Conj/Fire      ####....     3%          3
c - Inner Flame           Hex/Fire       ###.....     9%          3
d - Sticky Flame          Conj/Fire      ####....     11%         4

Your spell library contained the following spells:

 Spells                   Type           Power        Failure   Level
 Fireball                 Conj/Fire      ####......   30%         5


Dungeon Overview and Level Annotations

Branches:
Dungeon (6/15)
 Temple: D:4-7

Altars:
Gozag
Okawaru
Qazlal

Annotations:
D:3 2 transporters, KristoblXynda's ghost, amateur DrGl


Message History

The foxfire hits the two-headed ogre.
The two-headed ogre is severely wounded.
The foxfire hits the two-headed ogre.
The two-headed ogre is severely wounded.
The two-headed ogre hits you with a +0 giant spiked club!!
Ouch! That really hurt!
The two-headed ogre closely misses you.
Casting: Foxfire (safe; 1% risk of failure)
Confirm with . or Enter, or press ? or * to list all spells.
The spell is quite dangerous to cast (11% risk of failure)!
Continue anyway?
Aiming: Sticky Flame (quite dangerous; 11% risk of failure)
Press: ? - help, Shift-Dir - straight line, f - two-headed ogre
Aim: a two-headed ogre, wielding a +0 giant spiked club and a -2 giant spiked club (severely wounded, 0% to evade)
The sticky flame hits the two-headed ogre.
The two-headed ogre is severely wounded.
The two-headed ogre is covered in liquid flames!
The two-headed ogre burns!
The two-headed ogre barely misses you.
The two-headed ogre hits you with a cursed -2 giant spiked club!!
Ouch! That really hurt!
You die...

##############
#............#
#............#
+............#
#............#
#............###
#............#.# #
#............#§#
###...........<'@#
......>........#O#
...###..########.#
........... #.#
...###.#.#.# #§#
...# #.#...# #.#
...# .##..# #'#
...# .. ... ...#
.....


You could see a two-headed ogre (burning).

Vanquished Creatures
  An ice beast (D:2)
  A bullfrog (D:6)
  3 howler monkeys
  A hound (D:5)
  2 jellies (D:5)
  A worker ant (D:4)
  Terence (D:3)
  A worker ant zombie (D:2)
  A hound skeleton (D:5)
  2 adders
  An ufetubus (D:6)
  An ooze (D:3)
  An adder skeleton (D:6)
  A worm (D:3)
  A dart slug (D:3)
  2 leopard geckos
  4 orcs
  4 giant cockroaches
  11 goblins
  5 hobgoblins
  7 jackals
  2 kobolds (D:2)
  13 bats
  12 frilled lizards
  6 rats
85 creatures vanquished.

Vanquished Creatures (others)
  298 foxfires
298 creatures vanquished.

Grand Total: 383 creatures vanquished

Notes
Turn   | Place    | Note
-------+----------+-------------------------------------------
     0 | D:1      | Conn the Deep Elf Fire Elementalist began the quest for the
                  | Orb.
     0 | D:1      | Reached XP level 1. HP: 10/10 MP: 6/6
   210 | D:1      | Reached XP level 2. HP: 15/15 MP: 5/8
   702 | D:2      | Reached XP level 3. HP: 17/19 MP: 3/10
  1456 | D:2      | Found an iron altar of Okawaru.
  1466 | D:2      | Learned a level 3 spell: Conjure Flame
  1470 | D:2      | Learned a level 3 spell: Inner Flame
  1639 | D:2      | Found a stormy altar of Qazlal.
  1891 | D:2      | Reached XP level 4. HP: 24/24 MP: 9/11
  2336 | D:3      | Reached XP level 5. HP: 28/28 MP: 10/13
  2624 | D:3      | Found a transporter.
  2680 | D:3      | Noticed KristoblXynda's ghost (amateur DrGl)
  2687 | D:3      | Found a transporter.
  2703 | D:3      | Noticed Terence
  2712 | D:3      | Killed Terence
  3188 | D:3      | Noticed an ice beast
  3399 | D:1      | Learned a level 4 spell: Sticky Flame
  3535 | D:2      | Killed an ice beast
  3536 | D:2      | Reached skill level 5 in Spellcasting
  3536 | D:2      | Reached skill level 5 in Fire Magic
  3536 | D:2      | Reached XP level 6. HP: 32/32 MP: 7/15
  4135 | D:4      | Found an opulent altar of Gozag.
  4178 | D:5      | Entered Level 5 of the Dungeon
  4642 | D:4      | You fall into a shaft and drop 2 floors!
  4669 | D:6      | Reached skill level 5 in Conjurations
  4669 | D:6      | Reached XP level 7. HP: 16/36 MP: 12/17
  4863 | D:6      | Noticed a two-headed ogre
  4883 | D:6      | Demolished by a two-headed ogre

Illustrated notes

Levels and vault maps discovered:
D:1:      lemuel_arrival_cross, layout_rooms, supply_closet_lemuel
D:2:      minmay_evil_eye, layout_loops_corners, okawaru_gym_becter,
          lemuel_round_altar
D:3:      minmay_door_path, layout_basic, gammafunk_ghost_arena, uniq_terence
D:4:      layout_loops_ring, lemuel_coloured_pillars_altar, grunt_gozag_statues,
          nicolae_temple_entry_ecumenical
D:5:      layout_rooms
D:6:      layout_basic, cheibriados_altar_1

Skill      XL: |  1  2  3  4  5  6 |
---------------+-------------------+-----
Fire Magic     | 4 5 |  5.6
Conjurations   | 2 3 5 |  5.1
Spellcasting   | 4 5 |  5.4
Stealth        | 3 |  3.2
Fighting       | |  0.2
Short Blades   | |  0.2
Dodging        | |  2.7

Action                   |  1- 3 |  4- 6 |  7- 9 || total
-------------------------+-------+-------+-------++-------
Melee: Dagger            |       |     8 |       ||     8
Throw: Dart              |       |     1 |       ||     1
 Cast: Foxfire           |    70 |    91 |     7 ||   168
       Sticky Flame      |       |     1 |     1 ||     2
       Conjure Flame     |       |       |     2 ||     2
  Use: Scroll            |     2 |       |       ||     2
 Stab: Sleeping          |       |     1 |       ||     1
Armor: Robe              |    10 |     3 |       ||    13
Dodge: Dodged            |    22 |    25 |     2 ||    49

Table legend: (Time is in decaauts)
 A = Elapsed time spent in this place.
 B = Non-inter-level travel time spent in this place.
 C = Inter-level travel time spent in this place.
 D = Time resting spent in this place.
 E = Time spent auto-exploring this place.
 F = Levels seen in this place.
 G = Mean time per level.
                   A        B        C        D        E       F      G
               +--------+--------+--------+--------+--------+-----+--------+
         Total |   4883 |   4835 |     48 |   1005 |   2405 |   6 |  813.8 |
       Dungeon |   4883 |   4835 |     48 |   1005 |   2405 |   6 |  813.8 |
               +--------+--------+--------+--------+--------+-----+--------+

Top non-repeatable levels by time:
     D:2: 1871 daAuts
     D:3: 1387 daAuts
     D:1: 812 daAuts
     D:5: 401 daAuts
     D:6: 240 daAuts
     D:4: 169 daAuts
